 Dungeon Crawl Stone Soup version 0.23.2 (webtiles) character file.

Game seed: 11695015582484942411

12128 Illumine the Cleaver (level 11, -2/95 HPs)
             Began as a Minotaur Fighter on Oct 23, 2019.
             Was an Elder of Makhleb.
             Hit by a javelin thrown by a minotaur (15 damage)
             ... in a Gauntlet.
             The game lasted 00:14:38 (8533 turns).

Illumine the Cleaver (Minotaur Fighter)             Turns: 8533, Time: 00:14:39

Health: -2/95      AC: 20    Str: 24    XL:     11   Next: 58%
Magic:  14/14      EV:  7    Int:  5    God:    Makhleb [****..]
Gold:   718        SH: 12    Dex: 10    Spells: 10/10 levels left

rFire    . . .     SeeInvis .   s - +2 hand axe (venom)
rCold    + . .     Gourm    +   c - +0 shield
rNeg     . . .     Faith    .   l - +1 plate armour
rPois    .         Spirit   .   (helmet restricted)
rElec    .         Reflect  .   d - scarf {cloud immunity}
rCorr    .         Harm     .   (no gloves)
MR       .....     NoTele   +   i - +2 pair of boots {Fly}
Stlth    ..........             m - amulet of the gourmand
HPRegen  0.25/turn              k - ring of protection from cold
MPRegen  0.14/turn              (no ring)

@: lethally poisoned (-2 -> -3), flying
A: retaliatory headbutt, horns 2
a: Minor Destruction, Lesser Servant of Makhleb, Major Destruction, Renounce
Religion, Stop Flying


You were in a Gauntlet.
You worshipped Makhleb.
Makhleb was greatly pleased with you.
You were full.

You visited 3 branches of the dungeon, and saw 12 of its levels.
You also visited: Gauntlet.

You collected 718 gold pieces.

Inventory:

Hand Weapons
 a - a +0 war axe
 h - a +3 flail of holy wrath
 s - a +2 hand axe of venom (weapon)
Missiles
 n - 7 javelins (quivered)
Armour
 c - a +0 shield (worn)
 d - a scarf of cloud immunity (worn)
 i - a +2 pair of boots of flying (worn)
 l - a +1 plate armour (worn)
Jewellery
 k - a ring of protection from cold (left hand)
 m - an amulet of the gourmand (around neck)
 u - a cursed amulet of inaccuracy {unknown}
 A - a cursed -2 ring of protection {unknown}
 B - an uncursed ring of magical power {unknown}
Wands
 q - a wand of iceblast (2)
 t - a wand of flame (25)
 v - a wand of polymorph (5)
 y - a wand of digging (4)
 F - a wand of acid (12)
Scrolls
 e - a scroll of silence {unknown}
 g - 2 scrolls of immolation
 j - 6 scrolls of teleportation
 r - 8 scrolls of remove curse
 E - 2 scrolls of enchant weapon
 G - 2 scrolls of identify
Potions
 b - a potion of magic {unknown}
 p - a potion of lignification
 w - a potion of flight {unknown}
 z - 3 potions of curing
 C - 2 potions of ambrosia {unknown}
 D - 4 potions of degeneration {unknown}
Miscellaneous
 H - a lightning rod (4/4)
Comestibles
 f - 30 rations


   Skills:
 + Level 8.7 Fighting
 + Level 12.2 Axes
 + Level 12.2 Armour
 + Level 2.1 Dodging
 + Level 9.2 Shields
 + Level 6.5 Invocations


You had 10 spell levels left.
You didn't know any spells.
Your spell library contained the following spells:

 Spells                   Type           Power        Failure   Level  Hunger
 Animate Skeleton         Necr           N/A          100%        1    ##.....
 Magic Dart               Conj           #...         100%        1    ##.....
 Pain                     Necr           #...         100%        1    ##.....
 Searing Ray              Conj           #.....       100%        2    ###....
 Dazzling Spray           Conj/Hex       #.....       100%        3    ####...
 Regeneration             Chrm/Necr      #.........   100%        3    ####...
 Vampiric Draining        Necr           #.........   100%        3    ####...
 Animate Dead             Necr           N/A          100%        4    #####..
 Force Lance              Conj/Tloc      #.......     100%        4    #####..
 Fulminant Prism          Conj/Hex       #.........   100%        4    #####..
 Iskenderun's Mystic Bla  Conj           #.......     100%        4    #####..


Dungeon Overview and Level Annotations

Branches:
Dungeon (10/15)            Temple (1/1) D:6            Lair (1/6) D:10
    Orc: D:9-12

Altars:
Ashenzari
Cheibriados
Dithmenos
Gozag
Hepliaklqana
Kikubaaqudgha
Makhleb
Nemelex Xobeh
Okawaru
Qazlal
Sif Muna
Trog
Uskayaw
Vehumet
Wu Jian
Xom
Yredelemnul
Zin
The Shining One

Shops:
D:7 !

Annotations:
D:5 5 runed translucent doors
D:7 2 runed translucent doors Gauntlet 3 transporters, 1 runed translucent door


Innate Abilities, Weirdness & Mutations

You reflexively headbutt those who attack you in melee.
You have a pair of horns on your head.


Message History

You feel sick. You block the minotaur's attack.
The minotaur gores you but does no damage.
You hit the minotaur but do no damage.
The minotaur looks as sick as possible!
The minotaur is severely wounded.
You block the minotaur's attack. x2
You slash the minotaur!
The minotaur looks as sick as possible!
The minotaur is almost dead.
You feel sick.
You hit the minotaur but do no damage.
The minotaur looks as sick as possible!
The minotaur is almost dead.
The minotaur barely misses you. You block the minotaur's attack.
You hit the minotaur but do no damage.
The minotaur looks as sick as possible!
The minotaur is almost dead.
You feel sick.
The minotaur hits you with a +1 rapier of venom!
* * * LOW HITPOINT WARNING * * *
You block the minotaur's attack.
Unknown command.
You feel sick.
The minotaur throws a javelin.
The javelin hits you!
You die...

###+## ###..⌠.#
#.'⌠...# #...H+
#.∩..# ###.##
#######@######
#.....(.......#
#.###.###.###.#
#............
###.###.###.#
####.###.###.#
#.............
#..............
#####......###


You could see a minotaur.

Vanquished Creatures
  3 death yaks (D:10)
  3 sixfirhies (Gauntlet)
  Pikel (D:6)
  A cyclops (D:9)
  A rust devil (Gauntlet)
  A spiny frog (Lair:1)
  2 trolls
  2 hippogriffs
  A wyvern (D:8)
  Eustachio (D:5)
  5 yaks
  A hungry ghost (D:7)
  A steam dragon (D:9)
  Edmund (D:6)
  A water moccasin (Lair:1)
  An orc warrior (D:6)
  A slave (D:6)
  2 ice beasts
  2 sky beasts
  2 phantoms
  A black bear (D:6)
  4 ogres
  3 centaurs
  3 big kobolds
  7 bullfrogs
  A wyvern zombie (D:10)
  3 scorpions
  21 killer bees
  A wight (D:9)
  A howler monkey (D:7)
  2 bullfrog zombies
  7 crimson imps
  5 hounds
  5 jellies
  4 orc priests
  8 orc wizards
  A centaur skeleton (D:7)
  2 iron imps (Gauntlet)
  3 bullfrog skeletons
  3 iguanas
  10 worker ants
  A hound skeleton (D:7)
  2 hound zombies
  7 adders
  6 gnolls
  4 shadow imps
  3 ufetubi (Gauntlet)
  3 oozes
  An adder zombie (D:8)
  An adder skeleton (D:4)
  A worm (D:5)
  8 leopard geckos
  30 orcs
  7 bats
  11 giant cockroaches
  A goblin (D:2)
  7 hobgoblins
  19 jackals
  3 quokkas
  2 ball pythons (D:4)
  5 frilled lizards
  20 kobolds
  A leopard gecko skeleton (D:4)
  2 leopard gecko zombies
  2 quokka skeletons
  11 rats
286 creatures vanquished.

Vanquished Creatures (collateral kills)
  A yak (D:10)
  A ynoxinul (Gauntlet)
  An ogre (D:10)
  An iron imp (Gauntlet)
4 creatures vanquished.

Vanquished Creatures (others)
  A jelly (D:8)
  A worker ant (D:8)
  A worker ant zombie (D:8)
3 creatures vanquished.

Grand Total: 293 creatures vanquished

Notes
Turn   | Place    | Note
-------+----------+-------------------------------------------
     0 | D:1      | Illumine the Minotaur Fighter began the quest for the Orb.
     0 | D:1      | Reached XP level 1. HP: 19/19 MP: 0/0
    87 | D:1      | Reached XP level 2. HP: 18/26 MP: 1/1
   915 | D:2      | Reached XP level 3. HP: 31/31 MP: 2/2
  1566 | D:3      | Reached XP level 4. HP: 19/39 MP: 3/3
  1814 | D:3      | Found a snail-covered altar of Cheibriados.
  1814 | D:3      | Found an ornate altar of the Wu Jian Council.
  1834 | D:3      | Found a faded altar of an unknown god.
  1873 | D:3      | Reached skill level 5 in Axes
  2291 | D:4      | Reached XP level 5. HP: 31/45 MP: 4/4
  2475 | D:4      | Noticed a phantom
  2489 | D:4      | Reached XP level 6. HP: 47/51 MP: 5/5
  2497 | D:4      | Reached skill level 5 in Armour
  2736 | D:5      | Entered Level 5 of the Dungeon
  2740 | D:5      | Noticed Eustachio
  2752 | D:6      | Found a staircase to the Ecumenical Temple.
  2756 | D:6      | Reached XP level 7. HP: 47/57 MP: 6/6
  2787 | Temple   | Entered the Ecumenical Temple
  2951 | D:6      | Noticed Pikel
  3021 | D:5      | Found a burning altar of Makhleb.
  3072 | D:5      | Became a worshipper of Makhleb the Destroyer
  3215 | D:5      | Found the +9 staff of Olgreb {rPois}
  3216 | D:5      | Found a runed translucent gate.
  3216 | D:5      | Found a runed translucent gate.
  3217 | D:5      | Found a runed translucent door.
  3223 | D:5      | Found a runed translucent door.
  3257 | D:5      | Found a runed translucent gate.
  3293 | D:5      | Killed Eustachio
  3293 | D:5      | Reached XP level 8. HP: 51/64 MP: 7/7
  3714 | D:5      | Reached skill level 5 in Shields
  3802 | D:5      | Reached skill level 1 in Invocations
  3821 | D:5      | Reached skill level 10 in Axes
  3830 | D:5      | Reached * piety under Makhleb
  4131 | D:6      | Killed Pikel
  4131 | D:6      | Reached skill level 5 in Fighting
  4131 | D:6      | Reached XP level 9. HP: 49/74 MP: 8/10
  4435 | D:6      | Noticed Edmund
  4444 | D:6      | Killed Edmund
  4483 | D:6      | Found a hide-covered altar of Uskayaw.
  4483 | D:6      | Noticed a +0 dagger
  4484 | D:6      | Noticed a +0 dagger
  4734 | D:7      | Reached ** piety under Makhleb
  4749 | D:7      | Noticed a troll
  4766 | D:7      | Killed a troll
  5308 | D:7      | Found a large runed translucent door.
  5308 | D:7      | Found a large runed translucent door.
  5345 | D:7      | You fall through a shaft for 2 floors!
  5363 | D:9      | Found an opulent altar of Gozag.
  5583 | D:7      | Found Rewet's Distillery.
  5824 | D:8      | Found a shimmering altar of Xom.
  5922 | D:8      | Reached XP level 10. HP: 70/84 MP: 12/12
  5991 | D:8      | Reached skill level 10 in Armour
  6265 | D:8      | Reached *** piety under Makhleb
  6696 | D:9      | Found a radiant altar of Vehumet.
  6742 | D:9      | Reached skill level 5 in Invocations
  7007 | D:9      | Noticed a cyclops
  7023 | D:9      | Killed a cyclops
  7385 | D:10     | Entered Level 10 of the Dungeon
  7468 | D:10     | Reached **** piety under Makhleb
  7567 | D:10     | Found a staircase to the Lair.
  7572 | D:10     | Noticed a death yak
  7572 | D:10     | Noticed a death yak
  7572 | D:10     | Noticed a death yak
  7594 | D:10     | Killed a death yak
  7594 | D:10     | Reached XP level 11. HP: 38/94 MP: 14/14
  7596 | D:10     | Killed a death yak
  7597 | D:10     | Killed a death yak
  7678 | Lair:1   | Entered Level 1 of the Lair of Beasts
  7930 | Lair:1   | Found a gate leading to a gauntlet.
  7939 | Gauntlet | Entered a Gauntlet
  7939 | Gauntlet | Found a transporter.
  7939 | Gauntlet | Found a runed translucent door.
  7939 | Gauntlet | Found a transporter.
  7939 | Gauntlet | Found a runed translucent door.
  7939 | Gauntlet | Noticed a sixfirhy
  7949 | Gauntlet | Found a transporter.
  7952 | Gauntlet | Found a transporter.
  8015 | Gauntlet | Found a transporter.
  8015 | Gauntlet | Found a transporter.
  8029 | Gauntlet | Killed a sixfirhy
  8029 | Gauntlet | Reached skill level 1 in Dodging
  8174 | Gauntlet | Found a transporter.
  8174 | Gauntlet | Found a transporter.
  8229 | Gauntlet | Noticed a sixfirhy
  8247 | Gauntlet | Noticed a sixfirhy
  8264 | Gauntlet | Killed a sixfirhy
  8272 | Gauntlet | Killed a sixfirhy
  8276 | Gauntlet | Found a transporter.
  8283 | Gauntlet | Noticed a blizzard demon
  8515 | Gauntlet | Noticed a minotaur
  8533 | Gauntlet | Hit by a javelin thrown by a minotaur

Skill      XL: |  1  2  3  4  5  6  7  8  9 10 11 |
---------------+----------------------------------+-----
Axes           | 3 4 5 6 8 9 10 11 12 | 12.2
Shields        | 4 6 7 8 9 |  9.2
Armour         | 4 5 6 8 9 11 12 | 12.2
Invocations    | 2 4 5 6 |  6.5
Fighting       | 5 6 7 8 |  8.7
Dodging        | 2 |  2.1

Action                   |  1- 3 |  4- 6 |  7- 9 | 10-12 || total
-------------------------+-------+-------+-------+-------++-------
Melee: War axe           |   104 |   145 |    44 |       ||   293
       Headbutt          |    12 |    19 |    65 |    68 ||   164
       Hand axe          |       |       |   296 |   322 ||   618
       Unarmed           |       |       |    11 |       ||    11
Invok: Lesser Servant of |       |       |       |     4 ||     4
  Use: Potion            |     1 |       |     1 |     7 ||     9
       Scroll            |       |       |    10 |     1 ||    11
 Stab: Confused          |       |       |     1 |       ||     1
  Eat: Chunk             |     2 |     4 |     6 |    13 ||    25
       Ration            |       |       |     3 |       ||     3
Armor: Scale mail        |    74 |     3 |       |       ||    77
       Plate armour      |       |   120 |   207 |   162 ||   489
       Skin              |       |       |     4 |    20 ||    24
Dodge: Dodged            |    32 |    34 |    82 |    67 ||   215
Block: Shield            |    68 |    95 |   182 |   199 ||   544
